AoeStats
← Ndrangheta

Golden Pit

509978533Analyzed
1v1 RM · 4d ago on Sep 28, 2026· 40m 5s· 2 players
Game mode
Random Map
Map size
Tiny (2 player)
Population
200
Speed
Normal
Resources
Standard
Victory
Conquest
Starting age
Dark Age
Ending age
Imperial Age
RankedLock teamsTeams togetherTeam positionsShared explorationLock speedFull tech treeHidden civsTurbo modeCheats
Victory
Defeat
🇮🇳 Dravidians · India
1405
+20
🇦🇷 Varangians · Argentina
1500
-20
BladeY
7:07 Loom
9:28 Feudal Age
9:39 Man-at-Arms
10:12 Double-Bit Axe
12:27 Horse Collar
16:08 Fletching
25:36 Castle Age
26:16 Bodkin Arrow
27:03 Crossbowman
31:43 Town Watch
35:18 Wheelbarrow
37:16 Ballistics
Ndrangheta
6:42 Loom
9:03 Feudal Age
13:31 Bloodlines
19:11 Fletching
24:33 Castle Age
24:16 Forging
25:12 Padded Archer Armor
27:25 Bodkin Arrow
27:25 Elite Skirmisher
29:36 Leather Archer Armor
34:01 Husbandry
34:40 Double-Bit Axe
34:36 Horse Collar
Connection lost

Rejoining the realm…

Still unreachable

The connection could not be restored.

Session expired

The server has moved on; the page needs a fresh start.